 Seeded DCSS version 0.30.1-3-gfc49f6343a (webtiles) character file.

Game seed: 20230804 (custom seed)

87 AccursedSamuel the Shield-Bearer (level 4, -2/44 HPs)
             Began as a Troll Fighter on Aug 9, 2023.
             Was a Follower of Cheibriados.
             Frozen to death by an endoplasm (5 damage)
             ... in a sewer.
             The game lasted 00:02:37 (631 turns).

AccursedSamuel the Shield-Bearer (Troll Fighter)     Turns: 631, Time: 00:02:38

Health: -2/44      AC:  4    Str: 27    XL:     4   Next: 28%
Magic:  3/3        EV:  9    Int:  7    God:    Cheibriados [*.....]
Gold:   71         SH:  9    Dex: 14    Spells: 3/3 levels left

rFire   . .          .
                       - Unarmed
rCold   . . .        b - +0 kite shield
rNeg    . . .        a - +0 robe
rPois   .            (helmet restricted)
rElec   .            (no cloak)
rCorr   .            (gloves unavailable)
SInv    .            (boots unavailable)
Will    .....        (no amulet)
Stlth   +            (no ring)
HPRegen 1.07/turn    (no ring)
MPRegen 0.08/turn

%: no passive effects
@: very slow
A: large, unfitting armour, claws 3, regeneration 1, shaggy fur 1, tough skin 1
a: Renounce Religion, Bend Time


You were in a sewer.
You worshipped Cheibriados.
Cheibriados was aware of your devotion.
You visited 1 branch of the dungeon, and saw 4 of its levels.
You also visited: Sewer.

You collected 71 gold pieces.

Inventory:

Armour
 a - a +0 robe (worn)
 b - a +0 kite shield (worn)
Magical Staves
 h - a staff of earth
Wands
 j - a wand of flame (9)
Scrolls
 d - a scroll of teleportation {unknown}
 g - 2 scrolls of identify {unknown}
 k - a scroll of magic mapping {unknown}
Potions
 c - a potion of might
 e - a potion of haste {unknown}
 f - a potion of cancellation {unknown}
 i - 2 potions of brilliance {unknown}


   Skills:
 + Level 2.9 Fighting
 + Level 3.1 Dodging
 + Level 0.2 Stealth
 + Level 3.2 Shields
 + Level 2.5 Unarmed Combat


You had 3 spell levels left.
You didn't know any spells.
Your spell library contained the following spells:

 Spells                   Type           Power      Damage    Failure   Level
 Apportation              Tloc           0%         N/A       67%         1
 Summon Forest            Summ/Tloc      0%         N/A       100%        5
 Dispersal                Tloc           0%         N/A       100%        6


Dungeon Overview and Level Annotations

Branches:
Dungeon (4/15)              Sewer (1/1)
 Temple: D:4-7

Altars:
Cheibriados


Innate Abilities, Weirdness & Mutations

You are too large for most types of armour.
You have claws for hands.
Your natural rate of healing is unusually fast.
You are covered in fur. (AC +1)
You have tough skin. (AC +1)


Message History

You scratch the worm.
The worm is heavily wounded.
The river rat bites you. You block the worm's attack. The endoplasm hits you.
You scratch the worm but do no damage.
The worm is moderately wounded.
The river rat bites you.
* * * LOW HITPOINT WARNING * * *
The endoplasm hits you.
* * * LOW HITPOINT WARNING * * *
The worm misses you.
You scratch the river rat but do no damage.
The river rat bites you but does no damage.
The endoplasm hits you but does no damage.
You claw the river rat!
The river rat is severely wounded.
The river rat closely misses you. The worm bites you!
* * * LOW HITPOINT WARNING * * *
You block the endoplasm's attack.
You barely miss the river rat.
The river rat is severely wounded.
The river rat bites you.
* * * LOW HITPOINT WARNING * * *
The endoplasm splashes around in the water.
You block the worm's attack.
You claw the worm!
The worm is severely wounded.
The river rat barely misses you. The endoplasm freezes you.
You are frozen.
* * * LOW HITPOINT WARNING * * *
You scratch the river rat.
You kill the river rat!
Cheibriados appreciates the change of pace.
The endoplasm splashes around in the water.
The worm completely misses you.
You barely miss the worm.
The worm is severely wounded.
The endoplasm freezes you.
You are frozen.
You die...

#############
####.~.~......~####
##~~J††......~~~~~.##
#...w@#########~†..~#
##.~~### ###...#
##~~.## ##..#
.~###~~~.# #.~#
.....~~~## #..#
#~..~.~##
###########~.#
~~..~.#
#..~...~...~.# ~~~~..
#~~.~......~.# .~.#.~
#..###########


You could see a worm and an endoplasm.

Vanquished Creatures
  A hound (D:4)
  A river rat (Sewer)
  3 adders (Sewer)
  A worm (D:4)
  2 endoplasms
  A giant cockroach (Sewer)
  2 goblins (D:4)
  2 quokkas (D:1)
  2 ball pythons (D:4)
  2 bats
  A frilled lizard (Sewer)
  2 rats
20 creatures vanquished.

Notes
Turn   | Place    | Note
-------+----------+-------------------------------------------
     0 | D:1      | AccursedSamuel the Troll Fighter began the quest for the
                  | Orb.
     0 | D:1      | Reached XP level 1. HP: 22/22 MP: 0/0
    14 | D:1      | Found a faded altar of an unknown god.
    49 | D:1      | Prayed at the altar of an unknown god.
    49 | D:1      | Became a worshipper of Cheibriados the Contemplative
    49 | D:1      | Reached * piety under Cheibriados
   211 | D:3      | Got the Almanac of Location
   307 | D:4      | Noticed a hound
   317 | D:4      | Killed a hound
   318 | D:4      | Reached XP level 2. HP: 23/29 MP: 1/1
   318 | D:4      | Reached XP level 3. HP: 29/36 MP: 2/2
   500 | D:4      | Found a glowing drain.
   534 | Sewer    | Entered a sewer
   619 | Sewer    | Reached XP level 4. HP: 31/44 MP: 3/3
   628 | Sewer    | HP: 2/44 [river rat (4)]
   631 | Sewer    | Frozen to death by an endoplasm

Illustrated notes

Levels and vault maps discovered:
D:1:      roderic_octagonal_star, layout_basic,
          hellmonk_ecumenical_altar_run_dry, minmay_box_of_dots
D:2:      layout_loops_ring
D:3:      layout_basic, serial_aquarium, aquarium_bridge_long_separate
          [aquarium_subvault_wall, aquarium_subvault_wall,
          aquarium_subvault_bridge, aquarium_subvault_wall,
          aquarium_subvault_bridge, aquarium_subvault_bridge],
          aquarium_window_1, aquarium_window_fake, aquarium_view_2d,
          aquarium_view_4, aquarium_pool_1
D:4:      layout_basic, gammafunk_temple_overflow_forgotten,
          portal_sewer_entry_b
Sewer:    sewer_hellmonk_slimy_pipes

Skill      XL: |  1  2  3 |
---------------+----------+-----
Shields        | 3 |  3.2
Dodging        | 3 |  3.1
Fighting       | |  2.9
Stealth        | |  0.2
Unarmed Combat | |  2.5

Action                     |  1- 3 |  4- 6 || total
---------------------------+-------+-------++-------
  Melee: Unarmed           |    42 |    13 ||    55
   Stab: Distracted        |     1 |       ||     1
 Armour: Robe              |    39 |     2 ||    41
  Dodge: Dodged            |    35 |     6 ||    41
  Block: Kite shield       |    44 |     9 ||    53
